 Dungeon Crawl Stone Soup version 0.23.2-33-g5129a83184 (webtiles) character file.

Game seed: 3264327401560336469

1150 geeseburger the Fighter (level 8, -2/101 HPs)
             Began as an Ogre Berserker on July 25, 2019.
             Was an Elder of Trog.
             Slain by a manticore (22 damage)
             ... on level 7 of the Dungeon.
             The game lasted 00:11:51 (5354 turns).

geeseburger the Fighter (Ogre Berserker)            Turns: 5354, Time: 00:11:52

Health: -2/101     AC: 12    Str: 22    XL:     8   Next: 38%
Magic:  8/8        EV:  9    Int:  8    God:    Trog [****..]
Gold:   356        SH:  7    Dex: 10    Spells: 7/7 levels left

rFire    + . .     SeeInvis .   h - +3 morningstar (protect)
rCold    + + .     Gourm    .   n - +0 shield
rNeg     . . .     Faith    .   l - +2 robe {Archmagi}
rPois    .         Spirit   .   (helmet restricted)
rElec    .         Reflect  .   f - scarf {rC+ rF+}
rCorr    .         Harm     .   (gloves unavailable)
MR       +....                  (boots unavailable)
Stlth    +.........             (no amulet)
HPRegen  0.26/turn              k - ring of protection from cold
MPRegen  0.11/turn              (no ring)

@: barbed spikes, protection aura
A: large, unfitting armour, magic resistance 1, mutation resistance 1, robust 1,
tough skin 1
a: Berserk, Trog's Hand, Brothers in Arms, Renounce Religion


You were on level 7 of the Dungeon.
You worshipped Trog.
Trog was greatly pleased with you.
You were not hungry.

You visited 1 branch of the dungeon, and saw 7 of its levels.
You also visited: Ossuary.

You collected 356 gold pieces.

Inventory:

Hand Weapons
 a - a +0 hand axe
 h - a +3 morningstar of protection (weapon)
Armour
 b - a +1 animal skin
 f - a scarf of resistance (worn)
 l - a +2 robe of the Archmagi (worn)
 n - a +0 shield (worn)
Jewellery
 k - a ring of protection from cold (left hand)
Scrolls
 e - a scroll of magic mapping
 i - 3 scrolls of remove curse
 o - a scroll of fear
 r - a scroll of blinking
 t - 2 scrolls of teleportation
 y - a scroll of fog
Potions
 d - a potion of invisibility
 g - 2 potions of might
 j - 6 potions of curing
 m - 2 potions of magic
 p - a potion of degeneration {unknown}
 q - a potion of resistance {unknown}
 s - 2 potions of heal wounds
 u - a potion of cancellation {unknown}
 v - a potion of experience {unknown}
 w - 2 potions of flight
 z - 2 potions of haste {unknown}
Comestibles
 c - 5 rations


   Skills:
 * Level 9.0 Fighting
 + Level 5.2 Axes
 * Level 6.2 Dodging


You had 7 spell levels left.
You didn't know any spells.
Your spell library was empty.

Dungeon Overview and Level Annotations

Branches:
Dungeon (7/15)
 Temple: D:4-7

Altars:
Dithmenos
Gozag
Hepliaklqana
Kikubaaqudgha
Nemelex Xobeh
Qazlal
Sif Muna


Innate Abilities, Weirdness & Mutations

You are too large for most types of armour.
You have tough skin. (AC +1)
You are resistant to hostile enchantments. (MR+)
You are somewhat resistant to further mutation.
You are robust. (+10% HP)


Message History

The manticore claws you. x2; The adder bites you.
The manticore bites you but does no damage.
The manticore barely misses you. The manticore closely misses you.
You closely miss the manticore.
The manticore is lightly wounded.
The adder closely misses you. The adder bites you but does no damage.
The manticore closely misses you. You block the manticore's attack.
The manticore claws you!
You impale the manticore!!
The manticore is heavily wounded.
The adder barely misses you. The manticore barely misses you. x2
The manticore closely misses you. The adder bites you but does no damage.
The manticore bites you!
* * * LOW HITPOINT WARNING * * *
The manticore claws you but does no damage.
The manticore closely misses you.
You sock the manticore!
The manticore is severely wounded.
The adder bites you but does no damage. The manticore bites you!!
You die...

#### #.<###
#....# #..#.#
#..#.# #..#.#
######..#.#
.......@#.#
......SH.<.....
..#.....#######
. #......
....>#.#
#.#.#.#.#
#.#.#.#.# #
#.#.#


You could see a manticore and an adder.

Vanquished Creatures
  An orc warrior (D:6)
  A necrophage (D:6)
  A sky beast (D:5)
  A bullfrog (D:6)
  2 scorpions (D:4)
  A howler monkey (D:5)
  A centaur zombie (D:6)
  2 crimson imps (D:5)
  A bullfrog skeleton (D:4)
  2 hounds
  An orc wizard (D:6)
  An iguana (D:4)
  2 worker ants
  A hound zombie (D:5)
  13 mummies (Ossuary)
  10 adders
  A shadow imp (D:5)
  2 oozes
  An adder skeleton (D:5)
  An adder zombie (D:5)
  2 worms
  5 dart slugs
  2 leopard geckos
  6 orcs
  A ball python (D:4)
  4 giant cockroaches
  8 goblins
  4 hobgoblins
  12 jackals
  2 kobolds
  A quokka (D:5)
  5 bats
  4 frilled lizards
  A gnoll skeleton (Ossuary)
  5 goblin skeletons (Ossuary)
  A jackal skeleton (D:6)
  A leopard gecko skeleton (D:4)
  2 orc skeletons (Ossuary)
  7 rats
  11 rat skeletons (Ossuary)
130 creatures vanquished.

Notes
Turn   | Place    | Note
-------+----------+-------------------------------------------
     0 | D:1      | geeseburger the Ogre Berserker began the quest for the Orb.
     0 | D:1      | Reached XP level 1. HP: 24/24 MP: 1/1
   135 | D:1      | Reached XP level 2. HP: 32/32 MP: 2/2
   285 | D:1      | Reached XP level 3. HP: 18/40 MP: 3/3
   780 | D:2      | Reached ** piety under Trog
   877 | D:2      | Reached skill level 5 in Fighting
  1093 | D:3      | Reached XP level 4. HP: 45/50 MP: 4/4
  1247 | D:3      | Gained mutation: You are robust. (+10% HP) [potion of
                  | mutation]
  1247 | D:3      | Gained mutation: You are resistant to hostile enchantments.
                  | (MR+) [potion of mutation]
  1247 | D:3      | Gained mutation: You are somewhat resistant to further
                  | mutation. [potion of mutation]
  1301 | D:3      | Noticed an earth elemental
  1303 | D:3      | Found a stormy altar of Qazlal.
  1306 | D:3      | Noticed a water elemental
  1343 | D:3      | Found a hazy altar of Hepliaklqana.
  1455 | D:3      | Noticed a fire elemental
  1457 | D:3      | Noticed an air elemental
  1689 | D:3      | Found a sparkling altar of Nemelex Xobeh.
  2013 | D:4      | Reached XP level 5. HP: 61/62 MP: 5/5
  2297 | D:4      | Found an ancient bone altar of Kikubaaqudgha.
  2307 | D:4      | Reached skill level 6 in Fighting
  2320 | D:4      | Reached XP level 6. HP: 51/74 MP: 6/6
  2606 | D:4      | Found a sand-covered staircase.
  2617 | Ossuary  | Entered an ossuary
  2629 | Ossuary  | Reached *** piety under Trog
  3115 | Ossuary  | Reached skill level 7 in Fighting
  3120 | Ossuary  | Reached XP level 7. HP: 76/85 MP: 7/7
  3237 | Ossuary  | Reached skill level 5 in Dodging
  3483 | D:4      | Reached **** piety under Trog
  3609 | D:5      | Entered Level 5 of the Dungeon
  3981 | D:5      | Found an opulent altar of Gozag.
  3981 | D:5      | Found a deep blue altar of Sif Muna.
  4057 | D:5      | Reached skill level 8 in Fighting
  4431 | D:5      | Found a shadowy altar of Dithmenos.
  4647 | D:6      | Reached XP level 8. HP: 94/96 MP: 8/8
  4863 | D:6      | Reached skill level 5 in Axes
  5221 | D:6      | Reached skill level 9 in Fighting
  5344 | D:7      | Noticed a manticore
  5354 | D:7      | Slain by a manticore

Skill      XL: |  1  2  3  4  5  6  7  8 |
---------------+-------------------------+-----
Dodging        | 3 4 5 6 |  6.2
Fighting       | 5 6 7 8 9 |  9.0
Axes           | 4 5 |  5.2

Action                   |  1- 3 |  4- 6 |  7- 9 || total
-------------------------+-------+-------+-------++-------
Melee: Hand axe          |    95 |    84 |       ||   179
       Morningstar       |       |   117 |   184 ||   301
  Use: Scroll            |     3 |     5 |    10 ||    18
       Potion            |       |     1 |       ||     1
 Stab: Sleeping          |       |     1 |       ||     1
  Eat: Ration            |     1 |     2 |     2 ||     5
Armor: Animal skin       |    40 |       |       ||    40
       Robe              |     1 |    62 |    94 ||   157
Dodge: Dodged            |    58 |    92 |    70 ||   220
Block: Shield            |       |    38 |    65 ||   103
